AoeStats
← Alexspiration

Pilgrims

507980575Analyzed
4v4 RM · 13d ago on Sep 20, 2026· 45m 42s· 8 players
Game mode
Random Map
Map size
Large (8 player)
Population
200
Speed
Normal
Resources
Standard
Victory
Conquest
Starting age
Dark Age
Ending age
Imperial Age
RankedLock teamsTeams togetherTeam positionsShared explorationLock speedFull tech treeHidden civsTurbo modeCheats
Victory
Defeat
🇩🇪 Armenians · Germany
1562
+14
🇨🇱 Khmer · Chile
1551
+14
🇧🇷 Maya · Brazil
1511
+16
🇧🇷 Tatars · Brazil
1424
+19
🇨🇳 Shu · China
1522
-16
🇩🇪 Malay · Germany
1510
-16
🇨🇳 Ethiopians · China
1507
-16
🇭🇰 Poles · Hong Kong SAR China
1487
-15
丙酮酸嗦话梅
1:22 Loom
9:26 Feudal Age
10:02 Double-Bit Axe
11:21 Town Watch
15:18 Wheelbarrow
15:25 Fletching
18:14 Castle Age
16:19 Fishing Lines
17:50 Forging
18:52 Bodkin Arrow
19:10 Medium Warships
24:24 Bow Saw
25:21 Careening
27:07 Hand Cart
26:46 Gold Mining
31:13 Horse Collar
34:55 Heavy Plow
42:41 Imperial Age
41:38 Gold Shaft Mining
40:54 Stone Mining
44:11 Guilds
43:23 Onager
45:06 Coinage
45:23 Conscription
45:24 Siege Onager
113152737
9:21 Loom
11:07 Feudal Age
15:17 Castle Age
13:03 Double-Bit Axe
13:15 Fishing Lines
16:10 Gillnets
16:21 Gillnets
17:33 Bow Saw
18:45 Wheelbarrow
20:03 Horse Collar
22:35 Hand Cart
29:09 Imperial Age
28:48 Bloodlines
28:44 Scale Barding Armor
28:46 Szlachta Privileges
29:30 Heavy Plow
29:24 Cavalier
30:25 Chain Barding Armor
29:58 Gold Mining
29:59 Stone Mining
30:47 Husbandry
30:08 Light Cavalry
31:00 Forging
31:12 Conscription
32:05 Crop Rotation
33:41 Iron Casting
32:30 Elite Obuch
32:56 Capped Ram
36:17 Siege Ram
39:19 Iron Casting
41:43 Blast Furnace
微变等效电路法
7:54 Loom
12:20 Feudal Age
14:16 Wheelbarrow
16:11 Double-Bit Axe
19:06 Castle Age
18:05 Horse Collar
18:56 Scale Barding Armor
18:59 Stone Mining
19:50 Forging
21:00 Chain Barding Armor
29:29 Fletching
29:49 Husbandry
31:53 Scale Mail Armor
33:48 Hand Cart
36:46 Imperial Age
34:51 Chain Mail Armor
36:14 Coiled Serpent Array
37:56 Conscription
38:11 Plate Mail Armor
40:15 Elite White Feather Guard
41:04 Elite Skirmisher
42:17 Bodkin Arrow
41:51 Pikeman
42:32 Squires
42:35 Padded Archer Armor
42:19 Crossbowman
44:34 Leather Archer Armor
Alexspiration
4:54 Loom
9:54 Feudal Age
10:25 Town Watch
11:45 Wheelbarrow
12:32 Double-Bit Axe
19:57 Castle Age
19:00 Horse Collar
20:28 Fletching
21:33 Bow Saw
21:42 Bodkin Arrow
29:22 Gold Mining
29:22 Stone Mining
34:06 Imperial Age
32:13 Padded Archer Armor
32:38 Crossbowman
33:38 Leather Archer Armor
33:55 Conscription
34:06 Ballistics
33:50 Arbalester
39:50 Bracer
44:29 Chemistry
44:26 Thumb Ring
Hommi
3:53 Loom
10:04 Feudal Age
10:45 Double-Bit Axe
16:41 Wheelbarrow
17:49 Fletching
23:15 Castle Age
24:17 Medium Warships
24:15 Bodkin Arrow
25:20 Ballistics
25:12 Clinker Construction
25:14 Careening
26:39 Caravan
34:23 Horse Collar
38:30 Imperial Age
37:25 Squires
36:47 Pikeman
37:16 Man-at-Arms
37:41 Gambesons
38:33 Halberdier
38:40 Long Swordsman
39:06 Arson
39:49 Bracer
39:43 Two-Handed Swordsman
41:13 Scale Mail Armor
41:23 Forging
41:32 Fereters
41:48 Conscription
41:23 Champion
42:35 Chain Mail Armor
42:30 Forging
43:39 Bow Saw
44:20 Plate Mail Armor
44:38 Cilician Fleet
45:45 Chemistry
SeiyaPegasus
2:52 Loom
11:47 Feudal Age
15:28 Castle Age
13:51 Double-Bit Axe
13:56 Fishing Lines
14:26 Stone Mining
14:52 Horse Collar
15:19 Fletching
16:40 Bow Saw
16:42 Gillnets
17:23 Bodkin Arrow
18:46 Padded Archer Armor
22:12 Leather Archer Armor
23:52 Ballistics
23:49 Heavy Plow
24:43 Wheelbarrow
23:56 Town Watch
29:30 Imperial Age
27:46 Hand Cart
30:22 Stone Shaft Mining
29:38 Gold Mining
30:17 Bracer
31:18 Chemistry
30:35 Guilds
31:11 Ring Archer Armor
31:48 Conscription
32:10 Elite Plumed Archer
34:18 Scale Mail Armor
34:28 Forging
34:37 Pikeman
35:18 Squires
36:01 Hoardings
35:12 Halberdier
35:59 Arson
36:30 Chain Mail Armor
36:51 Iron Casting
37:15 Hoardings
36:54 Masonry
36:40 Murder Holes
37:44 Plate Mail Armor
36:58 Eagle Warrior
38:55 Holcans
41:29 Elite Eagle Warrior
43:13 Capped Ram
44:07 Treadmill Crane
47:10 Blast Furnace
Tex_T_Fode
11:49 Feudal Age
12:45 Double-Bit Axe
12:54 Gold Mining
15:01 Fishing Lines
16:49 Loom
20:45 Castle Age
18:27 Horse Collar
21:39 Medium Warships
21:39 Heavy Plow
21:51 Bow Saw
22:34 Wheelbarrow
23:42 Gold Shaft Mining
23:48 Hand Cart
23:28 Gillnets
29:12 Scale Barding Armor
29:18 Forging
32:48 Imperial Age
31:36 Bloodlines
30:50 Light Cavalry
31:32 Husbandry
34:16 Chain Barding Armor
34:32 Iron Casting
34:42 Heavy Warships
35:07 Crop Rotation
36:32 Plate Barding Armor
37:16 Blast Furnace
36:40 Conscription
35:46 Elite Keshik
36:19 Hussar
38:08 Silk Armor
[CL] ßitokø × 1876
5:59 Loom
9:20 Feudal Age
9:59 Double-Bit Axe
13:31 Horse Collar
19:42 Castle Age
18:56 Forging
20:00 Town Watch
20:42 Medium Warships
20:14 Fishing Lines
22:22 Iron Casting
21:55 Gillnets
23:01 Careening
25:32 Clinker Construction
28:14 Heavy Plow
28:30 Bow Saw
31:56 Imperial Age
33:05 Wheelbarrow
33:16 Scale Mail Armor
34:44 Crop Rotation
37:36 Hand Cart
38:46 Light Cavalry
39:36 Bloodlines
39:27 Husbandry
40:29 Blast Furnace
40:22 Scale Barding Armor
40:35 Gold Mining
40:35 Stone Mining
41:01 Hussar
43:01 Caravan
43:42 Chain Barding Armor
45:04 Plate Barding Armor
45:50 Conscription
45:32 Tusk Swords
45:13 Elite Battle Elephant
Connection lost

Rejoining the realm…

Still unreachable

The connection could not be restored.

Session expired

The server has moved on; the page needs a fresh start.